 Dungeon Crawl Stone Soup version 0.27.0-1-g7a089689b8 (webtiles) character file.

Game seed: 13421060208096262853

1684 SkeletonJelly the Carver (level 8, -1/74 HPs)
             Began as a Green Draconian Gladiator on Aug 1, 2021.
             Was a Follower of Nemelex Xobeh.
             Slain by a komodo dragon (12 damage)
             ... on level 6 of the Dungeon.
             The game lasted 00:11:15 (6253 turns).

SkeletonJelly the Carver (DrGl)                     Turns: 6253, Time: 00:11:16

Health: -1/74      AC:  8    Str: 16    XL:     8   Next: 71%
Magic:  8/8        EV: 12    Int: 10    God:    Nemelex Xobeh [*.....]
Gold:   203        SH:  0    Dex: 14    Spells: 7/7 levels left

rFire    . . .     SeeInvis .   f - +1 falchion (vorpal)
rCold    + . .     Faith    .   (no shield)
rNeg     . . .     Spirit   .   (armour unavailable)
rPois    +         Reflect  .   b - +0 hat
rElec    .         Harm     .   j - +0 cloak
rCorr    .         Rampage  .   (no gloves)
Will     .....                  i - +0 pair of boots
Stlth    +.........             (no amulet)
HPRegen  0.22/turn              q - ring of protection from cold
MPRegen  0.11/turn              (no ring)

@: short of breath
A: breathe noxious fumes, AC +6, unfitting armour, poison resistance,
cold-blooded
a: Breathe Noxious Fumes, Renounce Religion, Draw Escape, Draw Destruction, Draw
Summoning


You were on level 6 of the Dungeon.
You worshipped Nemelex Xobeh.
Nemelex Xobeh was aware of your devotion.
You visited 1 branch of the dungeon, and saw 6 of its levels.

You collected 329 gold pieces.
You spent 126 gold pieces at shops.

Inventory:

Hand Weapons
 a - a +0 long sword
 f - a +1 vorpal falchion (weapon)
 k - a +0 great sword
Missiles
 c - 3 throwing nets
 s - 17 poisoned darts
Armour
 b - a +0 hat (worn)
 i - a +0 pair of boots (worn)
 j - a +0 cloak (worn)
Jewellery
 q - a ring of protection from cold (left hand)
 t - a ring of protection from cold
Scrolls
 d - 5 scrolls of identify {unknown}
 g - 4 scrolls of magic mapping {unknown}
 l - a scroll of vulnerability {unknown}
 m - a scroll of amnesia {unknown}
 n - a scroll of fog {unknown}
 p - a scroll of summoning {unknown}
 x - a scroll of teleportation {unknown}
 y - a scroll of fear {unknown}
Potions
 e - 3 potions of curing {unknown}
 h - a potion of ambrosia {unknown}
 o - a potion of mutation {unknown}
 r - 2 potions of attraction {unknown}
 u - a potion of degeneration {unknown}
 v - a potion of heal wounds {unknown}
 w - 3 potions of flight {unknown}
 z - a potion of lignification {unknown}


   Skills:
 - Level 8.0 Fighting
 + Level 9.2 Long Blades
 - Level 1.7 Throwing
 - Level 2.6 Dodging


You had 7 spell levels left.
You didn't know any spells.
Your spell library contained the following spells:

 Spells                   Type           Power      Damage    Failure   Level
 Static Discharge         Conj/Air       0%         N/A       50%         2
 Dispel Undead            Necr           0%         3d6       98%         4
 Sticky Flame             Conj/Fire      0%         2d3       98%         4


Dungeon Overview and Level Annotations

Branches:
Dungeon (6/15)             Temple (0/1) D:5

Altars:
Fedhas
Gozag
Nemelex Xobeh
The Shining One

Shops:
D:3 (


Innate Abilities, Weirdness & Mutations

You can breathe blasts of noxious fumes.
Your lurid green scales are hard. (AC +6)
You cannot fit into any form of body armour.
Your system is resistant to poisons. (rPois)
You are cold-blooded and may be slowed by cold attacks.


Message History

You hit the scorpion but do no damage.
The scorpion is severely wounded.
The scorpion stings you! The scorpion stings you.
You slash the scorpion!
You kill the scorpion!
Your Long Blades skill increases to level 9!
No target in view!
No target in view!
No target in view!
No target in view!
No target in view!
A scorpion comes into view.
A scorpion is nearby!
A scorpion is nearby!
A scorpion is nearby!
A scorpion is nearby!
You see here a black bear corpse.
The scorpion stings you.
You exhale a blast of noxious fumes.
The blast of choking fumes hits the scorpion but does no damage.
The scorpion is engulfed in noxious fumes.
The scorpion appears confused.
The scorpion barely misses you.
The scorpion is engulfed in noxious fumes.
The scorpion appears confused.
You hit the scorpion.
The scorpion is heavily wounded.
The scorpion seems to be having trouble coordinating all eight of its legs.
The scorpion stings you but does no damage.
You hit the scorpion.
The scorpion is severely wounded.
You barely miss the scorpion.
You tail-slap the scorpion, but do no damage.
The scorpion is severely wounded.
The scorpion barely misses you.
You hit the scorpion but do no damage.
The scorpion is severely wounded.
The scorpion closely misses you.
You slash the scorpion!
You kill the scorpion!
No target in view!
No target in view!
No target in view!
No target in view!
You see here a scorpion corpse.
You have got your breath back.
Found 10 stones.
You open the door.
There is an open door here.
You now have 203 gold pieces (gained 16).
Key pressed, stopping explore.
You open the door.
There is an open door here.
A hound is nearby!
A hound is nearby!
A hound is nearby!
You exhale a blast of noxious fumes.
The blast of choking fumes hits the hound.
The hound is moderately wounded.
The hound barks!
You hear an angry hiss.
The hound is engulfed in noxious fumes.
The hound appears confused.
The hound is engulfed in noxious fumes.
The hound appears confused.
The hound is engulfed in noxious fumes.
The hound appears confused.
A komodo dragon comes into view.
The hound bites you but does no damage. The hound closely misses you.
You slash the hound!
The hound is almost dead.
An orc comes into view. It is wielding a +0 hand axe.
The hound bites you but does no damage.
The orc shouts!
You hit the hound.
You kill the hound!
The komodo dragon bites you!!
You slash the komodo dragon!
The komodo dragon is moderately wounded.
The komodo dragon misses you.
You riposte.
You hit the komodo dragon but do no damage.
The komodo dragon is moderately wounded.
You hit the komodo dragon but do no damage.
The komodo dragon is moderately wounded.
The komodo dragon bites you! The komodo dragon bites you.
The orc throws a boomerang.
The boomerang hits you but does no damage.
The orc throws a boomerang.
The boomerang closely misses you. The komodo dragon bites you!!
* * * LOW HITPOINT WARNING * * *
You have got your breath back.
The orc throws a boomerang.
The boomerang misses you.
Abil: Breathe Noxious Fumes
Press: ? - help, Q - select action, (/) - cycle Shift-Dir - straight line, f - komodo dragon
Aim: a komodo dragon (moderately wounded)
You exhale a blast of noxious fumes.
The blast of choking fumes hits the komodo dragon.
The komodo dragon is moderately wounded.
The blast of choking fumes misses the orc.
The orc is engulfed in noxious fumes.
The orc appears confused.
The komodo dragon is engulfed in noxious fumes.
The komodo dragon appears confused.
The komodo dragon bites you!
You die...
Your body glows slightly and disappears.

..###..............#
..8###............#
....##....☼......#
....8#(....☼....#
.....'......o..# ###
....8##......☼.# #..##
....####....##☼###....#
..8## #..####†l#.....##
..## #### ##.@......#
8## ##........# ##
##.........##
##............
#.............
#.............
#.....†.......
##.....####... #.....#
##.


You could see a komodo dragon (confused) and an orc (confused).

Vanquished Creatures
  Grinder (D:3)
  Sigmund (D:2)
  A water moccasin (D:5)
  3 sky beasts (D:5)
  2 black bears
  2 scorpions (D:6)
  A water moccasin zombie (D:5)
  A howler monkey (D:5)
  3 hounds
  Crazy Yiuf (D:2)
  An orc priest (D:5)
  2 iguanas (D:5)
  2 orc wizards
  A killer bee zombie (D:3)
  A hound zombie (D:5)
  10 adders
  7 gnolls
  An ufetubus (D:4)
  An adder skeleton (D:4)
  3 worms
  3 dart slugs
  11 orcs
  10 ball pythons
  5 endoplasms
  4 giant cockroaches
  8 goblins
  7 hobgoblins
  10 jackals
  7 kobolds
  7 bats
  2 frilled lizards (D:1)
  4 rats
123 creatures vanquished.

Vanquished Creatures (others)
  2 fungi (D:2)
2 creatures vanquished.

Grand Total: 125 creatures vanquished

Notes
Turn   | Place    | Note
-------+----------+-------------------------------------------
     0 | D:1      | SkeletonJelly the Draconian Gladiator began the quest for
                  | the Orb.
     0 | D:1      | Reached XP level 1. HP: 17/17 MP: 1/1
   124 | D:1      | Reached XP level 2. HP: 20/24 MP: 2/2
   533 | D:1      | Reached skill level 4 in Long Blades
  1021 | D:1      | Reached XP level 3. HP: 22/29 MP: 3/3
  1398 | D:2      | Found a runed translucent door.
  1399 | D:2      | Noticed Crazy Yiuf
  1561 | D:2      | Reached skill level 5 in Long Blades
  1561 | D:2      | Reached XP level 4. HP: 36/36 MP: 4/4
  1743 | D:2      | Noticed Sigmund
  1963 | D:2      | Killed Crazy Yiuf
  2126 | D:2      | Killed Sigmund
  2127 | D:2      | Reached skill level 6 in Long Blades
  2127 | D:2      | Reached XP level 5. HP: 35/41 MP: 5/5
  2127 | D:2      | Reached XP level 6. HP: 41/48 MP: 6/6
  2134 | D:3      | Noticed Grinder
  2142 | D:3      | Killed Grinder
  2143 | D:3      | Reached skill level 7 in Long Blades
  2355 | D:3      | Reached skill level 8 in Long Blades
  2537 | D:3      | Your scales start taking on a lurid green colour.
  2537 | D:3      | Reached XP level 7. HP: 55/55 MP: 7/7
  2537 | D:3      | Gained mutation: Your system is resistant to poisons.
                  | (rPois) [Green Draconian growth]
  2549 | D:3      | Found Suasm's Weapon Shop.
  2915 | D:3      | Found a faded altar of an unknown god.
  2919 | D:3      | Found an opulent altar of Gozag.
  2919 | D:3      | Found a sparkling altar of Nemelex Xobeh.
  2926 | D:3      | Became a worshipper of Nemelex Xobeh the Trickster
  3256 | D:3      | Bought a +1 vorpal falchion for 126 gold pieces
  4421 | D:5      | Entered Level 5 of the Dungeon
  4445 | D:5      | Found a blossoming altar of Fedhas.
  4478 | D:5      | Reached * piety under Nemelex Xobeh
  4664 | D:5      | Reached skill level 5 in Fighting
  4939 | D:5      | Found a glowing golden altar of the Shining One.
  4966 | D:5      | Reached XP level 8. HP: 62/71 MP: 8/8
  5025 | D:5      | Found a staircase to the Ecumenical Temple.
  5506 | D:5      | Received a gift from Nemelex Xobeh
  6140 | D:6      | Reached skill level 9 in Long Blades
  6228 | D:6      | Noticed a komodo dragon
  6253 | D:6      | Slain by a komodo dragon

Illustrated notes

Levels and vault maps discovered:
D:1:      ebering_trefoil_twist, layout_basic
D:2:      layout_rooms, minivault_26, minmay_shallow_snake_nest, uniq_sigmund,
          uniq_crazy_yiuf_cottage
D:3:      layout_basic, grunt_temple_overflow_opulence, serial_shops, shop,
          basic_ecumenical_altar, minivault_4, uniq_grinder
D:4:      layout_basic, minmay_box_of_dots
D:5:      layout_basic, fedhas_altar_1, tso_metal_star,
          minmay_temple_entry_grid, nrook_loot_triangle
D:6:      layout_cave_pods, nicolae_overflow_crystal_walls, grunt_ministairs_9,
          dk_noncrumbling_4, serial_bayou_ford_a, grunt_decor_cap,
          mrwooster_statue_mirror, uniq_duvessa, uniq_blork_the_orc

Skill      XL: |  1  2  3  4  5  6  7  8 |
---------------+-------------------------+-----
Long Blades    | 4 5 6 8 9 |  9.2
Fighting       | 6 8 |  8.0
Throwing       | |  1.7
Dodging        | |  2.6

Action                   |  1- 3 |  4- 6 |  7- 9 || total
-------------------------+-------+-------+-------++-------
Melee: Long sword        |    77 |    62 |    15 ||   154
       Tailslap          |    11 |     4 |    48 ||    63
       Falchion          |       |       |   236 ||   236
 Abil: Breathe Noxious F |       |       |    10 ||    10
  Use: Potion            |       |     1 |       ||     1
 Stab: Sleeping          |     4 |     1 |       ||     5
       Confused          |       |       |     4 ||     4
Armor: Skin              |    34 |    19 |   108 ||   161
Dodge: Dodged            |    62 |    37 |   145 ||   244
       Rpst.: Long sword |    20 |    11 |     2 ||    33
       Falchion          |       |       |    39 ||    39
